 Dungeon Crawl Stone Soup version 0.26-a0-652-gafc20e3620 (webtiles) character file.

Game seed: 1680333343825367338

1387 DogServant the Covered (level 8, 0/62 HPs)
             Began as a Minotaur Fighter on Oct 3, 2020.
             Was a Believer of Ru.
             Slain by a hound (5 damage)
             ... on level 6 of the Dungeon.
             The game lasted 00:13:11 (7913 turns).

DogServant the Covered (Minotaur Fighter)           Turns: 7913, Time: 00:13:12

Health: 0/62       AC:  9    Str: 22    XL:     8   Next: 40%
Magic:  7/7        EV:  8    Int:  5    God:    Ru [**....]
Gold:   287        SH: 10    Dex: 11    Spells: 7/7 levels left

rFire    . . .     SeeInvis .   a - +0 war axe
rCold    . . .     Faith    .   c - +0 kite shield
rNeg     . . .     Spirit   .   b - +0 scale mail
rPois    .         Reflect  .   (helmet restricted)
rElec    .         Harm     .   q - scarf {repulsion}
rCorr    .         Rampage  .   v - +0 pair of gloves (curse)
MR       +....                  (no boots)
Stlth    +.........             z - amulet of inaccuracy (curse)
HPRegen  0.20/turn              j - ring of protection from magic
MPRegen  0.10/turn              s - ring of stealth

@: repel missiles
A: retaliatory headbutt, horns 2, frail 1
a: Renounce Religion


You were on level 6 of the Dungeon.
You worshipped Ru.
Ru was pleased with you.
You visited 2 branches of the dungeon, and saw 7 of its levels.

You collected 287 gold pieces.

Inventory:

Hand Weapons
 a - a +0 war axe (weapon)
Missiles
 g - 4 boomerangs (quivered)
Armour
 b - a +0 scale mail (worn)
 c - a +0 kite shield (worn)
 q - a scarf of repulsion (worn)
 v - a cursed +0 pair of gloves (worn)
 w - a +0 plate armour
Jewellery
 i - a cursed +6 ring of intelligence {unknown}
 j - a ring of protection from magic (left hand)
 s - a ring of stealth (right hand)
 z - a cursed amulet of inaccuracy (around neck)
Wands
 n - a wand of random effects (13)
 C - a wand of polymorph (5)
Scrolls
 e - 2 scrolls of fog
 f - 4 scrolls of teleportation
 h - 2 scrolls of identify
 r - 3 scrolls of enchant weapon {unknown}
 u - 4 scrolls of enchant armour {unknown}
 y - a scroll of remove curse {unknown}
Potions
 d - 3 potions of stabbing
 k - a potion of magic {unknown}
 o - 2 potions of brilliance {unknown}
 p - a potion of resistance {unknown}
 t - a potion of lignification {unknown}
 x - 2 potions of mutation {unknown}
 A - a potion of flight {unknown}
 B - 2 potions of curing {unknown}


   Skills:
 - Level 5.4 Fighting
 + Level 7.2 Axes
 - Level 3.0 Throwing
 + Level 7.6 Armour
 - Level 0.2 Stealth
 + Level 6.4 Shields


You had 7 spell levels left.
You didn't know any spells.
Your spell library contained the following spells:

 Spells                   Type           Power        Failure   Level
 Corona                   Hex            #......      98%         1
 Summon Small Mammal      Summ           #...         98%         1
 Call Imp                 Summ           #.......     99%         2
 Ensorcelled Hibernation  Hex/Ice        #.....       99%         2
 Call Canine Familiar     Summ           #.......     100%        3
 Confusing Touch          Hex            #.......     100%        3
 Dazzling Flash           Conj/Hex       #.....       100%        3
 Summon Guardian Golem    Hex/Summ       #.......     100%        3
 Tukima's Dance           Hex            #.......     100%        3
 Summon Ice Beast         Ice/Summ       #.......     100%        4
 Summon Lightning Spire   Summ/Air       #.......     100%        4


Dungeon Overview and Level Annotations

Branches:
Dungeon (6/15)             Temple (1/1) D:5

Altars:
Ashenzari
Cheibriados
Dithmenos
Elyvilon
Fedhas
Gozag
Hepliaklqana
Kikubaaqudgha
Makhleb
Nemelex Xobeh
Okawaru
Qazlal
Ru
Sif Muna
Trog
Uskayaw
Vehumet
Wu Jian
Xom
Yredelemnul
Zin
The Shining One


Innate Abilities, Weirdness & Mutations

You reflexively headbutt those who attack you in melee.
You have a pair of horns on your head.
You are frail. (-10% HP)


Message History

The hound bites you but does no damage. You block the hound skeleton's attack.
You block the ogre's attack. The hound closely misses you.
You furiously retaliate!
You headbutt the hound.
Your shield prevents you from hitting the hound.
Your headbutt misses the hound.
The hound is moderately wounded.
You barely miss the hound skeleton. You closely miss the ogre.
You block the hound skeleton's attack. You block the hound's attack.
The ogre hits you with a +0 giant club!!
The hound skeleton bites you but does no damage.
You block the hound's attack.
You barely miss the ogre. You headbutt the ogre.
The ogre is moderately wounded.
You barely miss the hound skeleton. You miss the hound.
You block the hound's attack.
The hound skeleton bites you but does no damage.
The ogre hits you with a +0 giant club!
* * * LOW HITPOINT WARNING * * *
The hound bites you.
You die...

...........................
..........................
........................
........................
....................(...
........................
........................
........................
.......@................
......OhZ...............
........................ ......
............$........... .......
........................ ........
........................
.................................
.................................
.......... ...........


You could see an ogre, a hound and a hound skeleton.

Vanquished Creatures
  A deep elf mage (D:6)
  A sky beast (D:5)
  A phantom (D:5)
  2 ogres
  3 scorpions
  A hound (D:4)
  A jelly (D:5)
  An orc priest (D:5)
  3 orc wizards
  A bullfrog skeleton (D:4)
  A centaur skeleton (D:6)
  Natasha (thrice) (D:2)
  A worker ant zombie (D:6)
  Robin (D:2)
  11 adders
  2 white imps (D:5)
  4 worms
  4 dart slugs
  2 leopard geckos
  6 orcs (D:5)
  2 giant cockroaches (D:3)
  13 goblins
  11 hobgoblins
  7 kobolds
  4 quokkas
  A ball python (D:3)
  4 bats
  3 frilled lizards
  A jackal zombie (D:5)
  A leopard gecko skeleton (D:6)
  A leopard gecko zombie (D:6)
  11 rats
109 creatures vanquished.

Vanquished Creatures (others)
  6 plants (D:2)
6 creatures vanquished.

Grand Total: 115 creatures vanquished

Notes
Turn   | Place    | Note
-------+----------+-------------------------------------------
     0 | D:1      | DogServant the Minotaur Fighter began the quest for the
                  | Orb.
     0 | D:1      | Reached XP level 1. HP: 19/19 MP: 0/0
   342 | D:1      | Reached XP level 2. HP: 27/27 MP: 1/1
   836 | D:2      | Noticed a scorpion
   846 | D:2      | Noticed Robin
   848 | D:2      | Killed a scorpion
   848 | D:2      | Reached skill level 1 in Throwing
   848 | D:2      | Reached XP level 3. HP: 10/33 MP: 2/2
   848 | D:2      | Reached XP level 4. HP: 12/40 MP: 3/3
   865 | D:2      | Killed Robin
  1792 | D:2      | Noticed Natasha
  1799 | D:2      | Killed Natasha
  1799 | D:2      | Reached XP level 5. HP: 32/46 MP: 4/4
  1916 | D:2      | Noticed Natasha
  1927 | D:2      | Killed Natasha
  2214 | D:2      | Noticed Natasha
  2226 | D:2      | Killed Natasha
  2226 | D:2      | Reached skill level 5 in Armour
  3060 | D:3      | Found a white marble altar of Elyvilon.
  3901 | D:4      | Reached skill level 5 in Axes
  3901 | D:4      | Reached XP level 6. HP: 52/52 MP: 5/5
  4743 | D:5      | Entered Level 5 of the Dungeon
  4780 | D:5      | Found a staircase to the Ecumenical Temple.
  4786 | Temple   | Entered the Ecumenical Temple
  4877 | Temple   | Became a worshipper of Ru the Awakened
  5140 | D:5      | Noticed a sky beast
  5155 | D:5      | Killed a sky beast
  5155 | D:5      | Reached XP level 7. HP: 34/60 MP: 6/6
  5522 | D:5      | Reached skill level 5 in Fighting
  6709 | D:5      | HP: 3/61 [phantom (8)]
  6710 | D:5      | Reached skill level 5 in Shields
  7344 | D:5      | Gained mutation: You are frail. (-10% HP) [Ru sacrifice]
  7344 | D:5      | Reached * piety under Ru
  7344 | D:5      | Reached ** piety under Ru
  7720 | D:6      | Noticed a deep elf mage
  7733 | D:6      | Killed a deep elf mage
  7733 | D:6      | Reached XP level 8. HP: 57/62 MP: 7/7
  7913 | D:6      | Slain by a hound

Illustrated notes

Levels and vault maps discovered:
D:1:      minmay_arrival_shattered_statue, layout_basic
D:2:      layout_loops_ring, serial_forest, infiniplex_forest_end_double,
          infiniplex_forest_straight_3, infiniplex_forest_clump_diagonal,
          infiniplex_forest_clump_curved, infiniplex_forest_straight_2,
          infiniplex_forest_corner_1, infiniplex_forest_straight_4,
          infiniplex_forest_lined_room_, uniq_robin, uniq_natasha
D:3:      layout_basic, elyvilon_altar_5
D:4:      layout_basic, cheibrodos_sewer_entry_bend
D:5:      layout_layer_cave, minmay_temple_entry_offerings
D:6:      minmay_cornered_nines, layout_layer_cave
Temple:   nicolae_temple_the_god_donut

Skill      XL: |  1  2  3  4  5  6  7 |
---------------+----------------------+-----
Fighting       | 4 5 |  5.4
Axes           | 3 4 5 7 |  7.2
Throwing       | 1 2 3 |  3.0
Armour         | 4 5 6 7 |  7.6
Shields        | 4 6 |  6.4
Stealth        | |  0.2

Action                   |  1- 3 |  4- 6 |  7- 9 || total
-------------------------+-------+-------+-------++-------
Melee: War axe           |    22 |   161 |   220 ||   403
       Headbutt          |     5 |    22 |    23 ||    50
Throw: Boomerang         |    12 |    35 |       ||    47
Invok: Sacrifice Health  |       |       |     1 ||     1
Evoke: Wand              |       |       |     5 ||     5
  Use: Potion            |     1 |       |     1 ||     2
       Scroll            |       |       |     5 ||     5
Armor: Scale mail        |     8 |    72 |    61 ||   141
       Plate armour      |       |       |    86 ||    86
Dodge: Dodged            |     3 |    41 |    40 ||    84
       Repelled          |       |     1 |     1 ||     2
Block: Kite shield       |     8 |    67 |   106 ||   181

Table legend: (Time is in decaauts)
 A = Elapsed time spent in this place.
 B = Non-inter-level travel time spent in this place.
 C = Inter-level travel time spent in this place.
 D = Time resting spent in this place.
 E = Time spent auto-exploring this place.
 F = Levels seen in this place.
 G = Mean time per level.
                   A        B        C        D        E       F      G
               +--------+--------+--------+--------+--------+-----+--------+
         Total |   8057 |   7869 |    188 |   1380 |   5354 |   7 | 1151.0 |
       Dungeon |   7771 |   7603 |    168 |   1380 |   5174 |   6 | 1295.2 |
        Temple |    285 |    265 |     20 |      0 |    180 |   1 |  285.0 |
               +--------+--------+--------+--------+--------+-----+--------+

Top non-repeatable levels by time:
     D:2: 2261 daAuts
     D:5: 2164 daAuts
     D:4: 1186 daAuts
     D:1: 828 daAuts
     D:3: 762 daAuts
     D:6: 567 daAuts
  Temple: 285 daAuts
